 Dungeon Crawl Stone Soup version 0.28-a0-1159-g27aa881441 (webtiles) character file.

Game seed: 4930983109945006183

1918 bande the Protected (level 9, 48/48 HPs)
             Began as a Gargoyle Fighter on Dec 15, 2021.
             Was a Follower of Okawaru.
             Quit the game on level 6 of the Dungeon on Dec 16, 2021.
             The game lasted 00:13:44 (7412 turns).

bande the Protected (Gargoyle Fighter)              Turns: 7412, Time: 00:13:45

Health: 48/48      AC: 23    Str: 20    XL:     9   Next: 16%
Magic:  10/10      EV:  6    Int:  9    God:    Okawaru [*.....]
Gold:   259        SH:  6    Dex: 13    Spells: 8/8 levels left

rFire   . . .      SeeInvis .   a - +1 war axe
rCold   . . .      Faith    .   c - +1 buckler
rNeg    + . .      Spirit   .   o - +0 plate armour
rPois   ∞          Reflect  .   k - +1 helmet
rElec   +          Harm     .   t - +0 cloak
rCorr   .          Rampage  .   (no gloves)
Will    .....                   (no boots)
Stlth   ..........              (no amulet)
HPRegen 0.16/turn               l - ring of flight
MPRegen 0.12/turn               p - +4 ring of slaying

@: flying, studying Armour
A: sickness immunity, AC +6, negative energy resistance 1, electricity
resistance, torment resistance 1, petrification resistance, talons 1, frail 1,
no potion heal 1
a: Renounce Religion, Heroism


You were on level 6 of the Dungeon.
You worshipped Okawaru.
Okawaru was aware of your devotion.
You visited 2 branches of the dungeon, and saw 7 of its levels.

You collected 259 gold pieces.

Inventory:

Hand Weapons
 a - a +1 war axe (weapon)
 e - a +0 war axe
 v - a +1 flail of venom
Armour
 c - a +1 buckler (worn)
 k - a +1 helmet (worn)
 o - a +0 plate armour (worn)
 t - a +0 cloak (worn)
Jewellery
 l - a ring of flight (left hand)
 p - a +4 ring of slaying (right hand)
 r - a ring of positive energy
Wands
 f - a wand of flame (16)
 j - a wand of iceblast (9)
Scrolls
 b - 4 scrolls of teleportation
 g - a scroll of fog
 i - a scroll of enchant weapon
 q - a scroll of holy word
 u - a scroll of amnesia
Potions
 d - a potion of might
 h - 3 potions of haste
 m - 4 potions of curing
 n - a potion of heal wounds
 s - a potion of brilliance
 w - a potion of flight


   Skills:
 + Level 5.6 Fighting
 + Level 7.1 Axes
 + Level 8.2 Armour
 + Level 4.9 Shields
 * Level 2.2 Invocations
 * Level 3.6 Evocations


You had 8 spell levels left.
You didn't know any spells.
Your spell library contained the following spells:

 Spells                   Type           Power      Damage    Failure   Level
 Beastly Appendage        Tmut           0%         N/A       100%        1
 Wereblood                Tmut           0%         N/A       100%        2
 Gell's Gravitas          Tloc           0%         N/A       100%        3
 Inner Flame              Hex/Fire       0%         N/A       100%        3
 Lesser Beckoning         Tloc           0%         N/A       100%        3
 Spider Form              Tmut/Pois      0%         N/A       100%        3
 Teleport Other           Tloc           0%         N/A       100%        3
 Cause Fear               Hex            0%         N/A       100%        4
 Borgnjor's Vile Clutch   Necr/Erth      0%         N/A       100%        5
 Discord                  Hex            0%         N/A       100%        8
 Animate Dead             Necr           Unusable   N/A       N/A         4
 Death Channel            Necr           Unusable   N/A       N/A         6

Dungeon Overview and Level Annotations

Branches:
Dungeon (6/15)             Temple (1/1) D:6

Altars:
Cheibriados
Gozag
Hepliaklqana
Kikubaaqudgha
Okawaru
Qazlal
Trog


Innate Abilities, Weirdness & Mutations

You are immune to sickness and miasma.
Your stone body is resilient. (AC +6)
You are immune to poison.
You resist negative energy. (rN+)
You are resistant to electric shocks. (rElec)
You are resistant to unholy torment.
You are immune to petrification.
You have sharp toenails.
You are frail. (-10% HP)
Potions are less effective at restoring your health.


Message History

The orc shouts!
The orc hits you but does no damage.
You slash the orc!
The orc is almost dead.
You hit the orc. The orc closely misses you. The orc barely misses you.
You slash the orc!
You kill the orc!
Okawaru accepts your kill.
You slash the orc!
You kill the orc!
Okawaru accepts your kill.
You closely miss the orc. The orc closely misses you.
The orc barely misses you.
You slash the orc!
You kill the orc!
Okawaru accepts your kill.
No target in view!
No target in view!
No target in view!
No target in view!
No target in view!
No target in view!
No target in view!
No target in view!
No target in view!
Things that are here:
a +0 whip; a +0 whip; an orc corpse
Found a scroll of identify.
Things that are here:
a +0 club; an orc corpse
Found 21 arrows.
x - a scroll of identify
z - a puce potion
As you read the scroll of identify, it crumbles to dust.
z - a potion of mutation Really quaff the potion of mutation?
You feel extremely strange.
Your system partially rejects the healing effects of potions.
You feel frail.
Your toenails lengthen and sharpen.
Are you sure you want to abandon this character and quit the game? (Confirm with "yes".)

#...........#.....
#.#.#.........#...
#.#.#.#######....#
#.#.#.# ##.#.#
#.#.#.########.#.#
#.#.....(....†...#
#.###.########(..#
#######.###.#
#........#
.......@.##.#
#.####^...
#######.(##.#
#.#####..# #..##.#
##.8.##..#
#..##.###.........
#..##.)..8.>.8....
#..#####..)...####
#..# ###.8.## #
.... ....).....
#..########


There were no monsters in sight!

Vanquished Creatures
  Sigmund (D:6)
  2 water moccasins
  An orc warrior (Temple)
  A necrophage (D:5)
  2 centaurs
  An ogre (D:5)
  2 phantoms
  2 bullfrogs (D:6)
  A gnoll sergeant (D:4)
  2 scorpions
  2 jellies (D:4)
  2 orc priests (D:6)
  Crazy Yiuf (D:5)
  2 hounds
  A bullfrog skeleton (D:6)
  An iguana (D:3)
  3 orc wizards
  A hound skeleton (D:4)
  A howler monkey zombie (D:5)
  2 howler monkey skeletons
  7 adders
  7 gnolls
  2 adder skeletons (D:4)
  A worm (D:3)
  A dart slug (D:2)
  24 orcs
  2 ball pythons
  5 bats
  8 endoplasms
  A giant cockroach (D:1)
  5 goblins
  3 hobgoblins
  12 jackals
  4 quokkas
  7 frilled lizards
  7 kobolds
  6 rats
133 creatures vanquished.

Vanquished Creatures (others)
  An orc wizard (D:6)
1 creature vanquished.

Grand Total: 134 creatures vanquished

Notes
Turn   | Place    | Note
-------+----------+-------------------------------------------
     0 | D:1      | bande the Gargoyle Fighter began the quest for the Orb.
     0 | D:1      | Reached XP level 1. HP: 14/14 MP: 1/1
   184 | D:1      | Found a faded altar of an unknown god.
   190 | D:1      | Reached XP level 2. HP: 19/19 MP: 2/2
   500 | D:1      | Reached XP level 3. HP: 15/23 MP: 3/3
  1214 | D:2      | Reached skill level 4 in Armour
  1683 | D:2      | Reached XP level 4. HP: 27/29 MP: 4/4
  2175 | D:3      | Found an opulent altar of Gozag.
  2212 | D:3      | Noticed a scorpion
  2222 | D:3      | Killed a scorpion
  2223 | D:3      | Reached XP level 5. HP: 17/33 MP: 5/5
  2399 | D:3      | Identified a scroll of acquirement
  2399 | D:3      | Acquired a manual of Armour
  3156 | D:3      | Reached skill level 5 in Armour
  3220 | D:3      | Reached XP level 6. HP: 29/38 MP: 6/6
  4376 | D:4      | Reached XP level 7. HP: 26/43 MP: 7/7
  4378 | D:4      | Reached skill level 6 in Armour
  4378 | D:4      | Reached skill level 1 in Evocations
  4593 | D:5      | Entered Level 5 of the Dungeon
  4611 | D:5      | Reached skill level 5 in Axes
  4930 | D:4      | Reached XP level 8. HP: 48/48 MP: 8/8
  5420 | D:5      | Found a runed translucent door.
  5421 | D:5      | Noticed Crazy Yiuf
  6031 | D:5      | Killed Crazy Yiuf
  6114 | D:6      | Noticed Sigmund
  6137 | D:5      | Reached skill level 5 in Fighting
  6468 | D:6      | Found a staircase to the Ecumenical Temple.
  6479 | Temple   | Entered the Ecumenical Temple
  6485 | Temple   | Reached skill level 7 in Armour
  6497 | Temple   | Became a worshipper of Warmaster Okawaru
  6669 | D:6      | Killed Sigmund
  6670 | D:6      | Reached skill level 1 in Invocations
  6793 | D:6      | Reached XP level 9. HP: 32/54 MP: 10/10
  6922 | D:6      | Reached skill level 8 in Armour
  6965 | D:6      | Reached * piety under Okawaru
  7411 | D:6      | Gained mutation: Potions are less effective at restoring
                  | your health. [potion of mutation]
  7411 | D:6      | Gained mutation: You are frail. (-10% HP) [potion of
                  | mutation]
  7411 | D:6      | Gained mutation: You have sharp toenails. [potion of
                  | mutation]
  7412 | D:6      | Quit the game

Illustrated notes

Levels and vault maps discovered:
D:1:      amcnicky_arrival_choice, layout_basic,
          chequers_ecumenical_altar_simple, minmay_tromino_v4_a
D:2:      layout_loops_ring
D:3:      layout_basic, mainiacjoe_overflow_brackets,
          wander_ebering_terrifying_dragon_lair
D:4:      layout_basic, glass_columns_a, minmay_misc_feat_iff,
          minmay_stone_trees_small, lightli_minifort
D:5:      layout_rooms, uniq_crazy_yiuf_cottage
D:6:      layout_loops_ring, minmay_temple_entry_statues_pillars,
          ebering_ghost_inner_flame, hex_large, uniq_sigmund
Temple:   nicolae_temple_the_god_donut

Skill      XL: |  1  2  3  4  5  6  7  8  9 |
---------------+----------------------------+-----
Axes           | 2 3 4 5 6 7 |  7.1
Armour         | 4 5 6 7 8 |  8.2
Fighting       | 4 5 |  5.6
Evocations     | 2 3 |  3.6
Shields        | 4 |  4.9
Invocations    | 1 2 |  2.2

Action                   |  1- 3 |  4- 6 |  7- 9 || total
-------------------------+-------+-------+-------++-------
Melee: War axe           |   117 |   110 |   169 ||   396
  Use: Scroll            |       |     8 |     9 ||    17
       Potion            |       |       |     2 ||     2
Armor: Scale mail        |    82 |    28 |       ||   110
       Chain mail        |       |    35 |       ||    35
       Plate armour      |       |    22 |   156 ||   178
Dodge: Dodged            |    47 |    51 |    72 ||   170
Block: Buckler           |    31 |    29 |    57 ||   117

Table legend: (Time is in decaauts)
 A = Elapsed time spent in this place.
 B = Non-inter-level travel time spent in this place.
 C = Inter-level travel time spent in this place.
 D = Time resting spent in this place.
 E = Time spent auto-exploring this place.
 F = Levels seen in this place.
 G = Mean time per level.
                   A        B        C        D        E       F      G
               +--------+--------+--------+--------+--------+-----+--------+
         Total |   7537 |   7380 |    157 |   1940 |   3971 |   7 | 1076.7 |
       Dungeon |   7373 |   7216 |    157 |   1821 |   3971 |   6 | 1228.8 |
        Temple |    164 |    164 |      0 |    119 |      0 |   1 |  164.0 |
               +--------+--------+--------+--------+--------+-----+--------+

Top non-repeatable levels by time:
     D:3: 1473 daAuts
     D:2: 1362 daAuts
     D:5: 1343 daAuts
     D:1: 1224 daAuts
     D:4: 1156 daAuts
     D:6: 815 daAuts
  Temple: 164 daAuts
